 Dungeon Crawl Stone Soup version 0.31-a0-825-gf28bc0971e (webtiles) character file.

Game seed: 11276575749200629865

65 qw the Shooter (level 4, -1/28 HPs)
             Began as a Gargoyle Hunter on Sept 23, 2023.
             Killed by nerve-wracking pain
             ... invoked by Grinder
              (6 damage)
             ... on level 3 of the Dungeon.
             The game lasted 00:00:35 (1390 turns).

qw the Shooter (Gargoyle Hunter)                    Turns: 1390, Time: 00:00:35

Health: -1/28      AC:  8    Str: 14    XL:     4   Next: 13%
Magic:  4/4        EV: 15    Int: 10    God:
Gold:   8          SH:  0    Dex: 15    Spells: 3/3 levels left

rFire   . . .        Y - +0 shortbow
rCold   . . .        (shield currently unavailable)
rNeg    + . .        h - +0 ring mail
rPois   inf          (no helmet)
rElec   +            (no cloak)
rCorr   .            (no gloves)
SInv    .            (no boots)
Will    .....        (no amulet)
Stlth   +            i - +5 ring of evasion
HPRegen 0.24/turn    (no ring)
MPRegen 0.09/turn

%: no passive effects
@: no status effects
A: sickness immunity, AC +3, negative energy resistance 1, electricity
resistance, torment resistance 1, petrification resistance
a: no special abilities


You were on level 3 of the Dungeon.
You visited 1 branch of the dungeon, and saw 3 of its levels.

You collected 57 gold pieces.
You spent 49 gold pieces at shops.


Innate Abilities, Weirdness & Mutations

You are immune to sickness and miasma.
Your stone body is resilient. (AC +3)
You are immune to poison.
You resist negative energy. (rN+)
You are resistant to electric shocks. (rElec)
You are resistant to unholy torment.
You are immune to petrification.


   Skills:
 - Level 3.0 Fighting
 + Level 5.0 Ranged Weapons
 - Level 1.0 Armour
 - Level 1.5 Dodging
 - Level 1.1 Stealth


You had 3 spell levels left.
You didn't know any spells.
Your spell library was empty.

Inventory:

Hand Weapons
 Y - a +0 shortbow (weapon)
Armour
 h - a +0 ring mail (worn)
Jewellery
 c - a ring of positive energy
 i - a +5 ring of evasion (left hand)
Scrolls
 a - a scroll of identify
 b - a scroll of enchant armour
 f - a scroll of fog {unknown}
 j - a scroll of summoning {unknown}
Potions
 d - a potion of resistance {unknown}
 e - a potion of curing {unknown}
 g - a potion of mutation {unknown}
 l - a potion of heal wounds {unknown}

Dungeon Overview and Level Annotations

Branches:
Dungeon (3/15)

Altars:
Ashenzari

Shops:
D:1 !   D:3 *

Annotations:
D:3 Grinder


Message History

You shoot an arrow. The arrow barely misses Grinder.
Grinder closely misses you.
You shoot an arrow. The arrow barely misses Grinder.
Grinder gestures at you. You resist with significant effort.
You shoot an arrow. The arrow hits Grinder.
Grinder is lightly wounded.
Grinder gestures at you. Pain shoots through your body!
Grinder blinks!
You shoot an arrow. The arrow barely misses Grinder.
The bat misses you.
Grinder blinks!
You start resting.
The bat hits you but does no damage.
You shoot an arrow. The arrow hits the bat.
You kill the bat!
You start resting.
Grinder is nearby!
You shoot an arrow. The arrow closely misses Grinder.
Grinder gestures at you.
You barely resist. You shoot an arrow.
The arrow hits Grinder but does no damage.
Grinder is lightly wounded.
Grinder gestures at you. Pain shoots through your body!
You shoot an arrow. The arrow barely misses Grinder.
Grinder hits you but does no damage. Grinder closely misses you.
You shoot an arrow. The arrow barely misses Grinder.
Grinder misses you.
You shoot an arrow. The arrow barely misses Grinder.
Grinder barely misses you.
You shoot an arrow. The arrow hits Grinder!
Grinder is moderately wounded.
Grinder hits you but does no damage.
You shoot an arrow. The arrow closely misses Grinder.
Grinder hits you but does no damage. Grinder gestures at you.
Pain shoots through your body!
You die...
Grinder says, "Now the real fun starts!"

.. ....#.#.#....#.#...#
.#.#+#.#.#.#.#%........#
#.#.#.#.#.#.#.#.#.#....#
#.#.#.#.#.#.#.#.#.#)..#
#.#.#.#.~~~.#.#.#....#
#.#.#.#~\~#.#.#.#.#.#
#.#.#..~~.#.#.#.#.##
#.#.#.#.#.#.#.#.#.#
#@#.#.#.#.#.#.#.#.
#.#5#.#.#.#.#.#.#.#
#.#.#.#.#.#.#.#.#.##
#.#.#.#.#.#.#.#.#.#.#
#.#.#.# #.#.#.#.#.#.##
#.#.#.# #.#.#.#.#.#.#
#.#.#.# #.#.#.#.#. ## .#
.# .# #. .#. # #


You could see Grinder.

Vanquished Creatures
  An adder (D:2)
  2 worms (D:2)
  4 dart slugs
  An orc (D:3)
  2 ball pythons (D:2)
  6 bats
  3 endoplasms
  4 giant cockroaches (D:2)
  2 goblins
  4 hobgoblins
  2 kobolds (D:2)
  A quokka (D:2)
  2 frilled lizards (D:1)
  2 rats
36 creatures vanquished.

Notes
Turn   | Place    | Note
-------+----------+-------------------------------------------
     0 | D:1      | qw the Gargoyle Hunter began the quest for the Orb.
     0 | D:1      | Reached XP level 1. HP: 12/12 MP: 1/1
     0 | D:1      | 0 ||| qw: Version: 0.3-a-83-gcd0e7d8
     0 | D:1      | 0 ||| qw: Game counter: 1789
     0 | D:1      | 0 ||| qw: Melee chars always use a shield: true
     0 | D:1      | 0 ||| qw: God list: Okawaru
     0 | D:1      | 0 ||| qw: Allow faded altars: false
     0 | D:1      | 0 ||| qw: Do Orc after clearing Dungeon:15 true
     0 | D:1      | 0 ||| qw: Do second Lair branch before Depths: true
     0 | D:1      | 0 ||| qw: Lair rune preference: random
     0 | D:1      | 0 ||| qw: Goals: Normal
     0 | D:1      | 0 ||| PLANNING D:1-11
    42 | D:1      | Found Jemoluso's Distillery.
    51 | D:1      | 51 ||| SHOPLISTING 2 potions of haste (200 gold, have 14).
    51 | D:1      | 51 ||| SHOPLISTING potion of curing (30 gold, have 14).
    51 | D:1      | 51 ||| SHOPLISTING potion of heal wounds (50 gold, have
                  | 14).
    51 | D:1      | 51 ||| SHOPLISTING potion of might (40 gold, have 14).
   250 | D:1      | Reached XP level 2. HP: 17/17 MP: 2/2
   575 | D:1      | 575 ||| UPGRADING to +0 ring mail.
   585 | D:1      | 585 ||| DROPPING +0 leather armour.
   586 | D:1      | 586 ||| UPGRADING to +5 ring of evasion.
   587 | D:1      | 587 ||| READING scroll labelled CAELUNGUGH.
   588 | D:1      | 588 ||| READING scroll labelled DASOUF HOETIRR.
   589 | D:1      | 589 ||| READING scroll labelled NUCIRI LENIMM.
   590 | D:1      | 590 ||| READING scroll labelled BASAPP YRYOL.
   591 | D:1      | 591 ||| READING scroll labelled AWOPOMN NEIK.
   592 | D:1      | 592 ||| DROPPING scroll of butterflies.
   669 | D:2      | Reached skill level 1 in Armour
   692 | D:2      | 692 ||| Stepping ~*~*~tactically~*~*~ (water).
   696 | D:2      | Reached XP level 3. HP: 21/21 MP: 3/3
   784 | D:2      | Found a broken altar of Ashenzari.
   842 | D:2      | Reached skill level 5 in Ranged Weapons
  1152 | D:2      | Reached XP level 4. HP: 27/27 MP: 4/4
  1271 | D:2      | 1271 ||| READING 2 scrolls labelled ZIMAESKAHESCH.
  1272 | D:2      | 1272 ||| READING scroll labelled DARYHOZXIR.
  1273 | D:2      | 1273 ||| READING 2 scrolls of identify.
  1273 | D:2      | 1273 ||| IDENTIFYING grey potion
  1274 | D:2      | 1274 ||| DROPPING potion of magic.
  1344 | D:3      | Reached skill level 3 in Fighting
  1353 | D:3      | Found Ynetot's Assorted Antiques.
  1365 | D:3      | 1365 ||| SHOPLISTING copper wand (68 gold, have 57).
  1365 | D:3      | 1365 ||| SHOPLISTING helmet (76 gold, have 57).
  1365 | D:3      | 1365 ||| BUYING purple potion (15 gold).
  1365 | D:3      | Bought a purple potion for 15 gold pieces
  1365 | D:3      | 1365 ||| BUYING scroll labelled DAWONG VEUSCHU (17 gold).
  1365 | D:3      | Bought a scroll labelled DAWONG VEUSCHU for 17 gold pieces
  1365 | D:3      | 1365 ||| BUYING scroll labelled FUSATA KAUGH (17 gold).
  1365 | D:3      | Bought a scroll labelled FUSATA KAUGH for 17 gold pieces
  1365 | D:3      | 1365 ||| SHOPLISTING scroll labelled QEUDONN BOLU (17 gold,
                  | have 8).
  1365 | D:3      | 1365 ||| SHOPLISTING scroll labelled SEDAMA HABUSAHESTRU
                  | (17 gold, have 8).
  1369 | D:3      | Noticed Grinder
  1372 | D:3      | HP: 7/28 [Grinder/nerve-wracking pain (6)]
  1374 | D:3      | Paralysed by Grinder for 2 turns
  1378 | D:3      | HP: 6/28 [Grinder/nerve-wracking pain (2)]
  1385 | D:3      | HP: 3/28 [Grinder/nerve-wracking pain (4)]
  1390 | D:3      | Killed from afar by Grinder

Levels and vault maps discovered:
D:1:      scummos_arrival_forest, layout_basic, serial_shops,
          nicolae_shop_temple_entry_statues_fountains,
          minmay_misc_feat_more_columns
D:2:      layout_loops_cross, basic_altar, chequers_serial_rivers_small_3
D:3:      layout_basic, serial_shops, shop, shop, nicolae_shop_tiny_waterfront,
          st_stairs_2, chequers_serial_rivers_marsh, uniq_grinder

Skill      XL: |  1  2  3  4 |
---------------+-------------+-----
Armour         | 1 |  1.0
Ranged Weapons | 5 |  5.0
Fighting       | 3 |  3.0
Dodging        | |  1.5
Stealth        | |  1.1

Action                     |  1- 3 |  4- 6 || total
---------------------------+-------+-------++-------
   Fire: Shortbow          |   110 |    23 ||   133
    Use: Scroll            |     5 |     3 ||     8
 Armour: Leather armour    |     8 |       ||     8
         Ring mail         |     6 |    10 ||    16
  Dodge: Dodged            |    29 |     9 ||    38

Table legend:
 A = Non-vault XP
 B = Vault XP
 C = Vault XP percentage of total XP
 D = Non-vault monster count
 E = Vault monster count
 F = Vault count percentage of total count
                 A         B        C        D         E       F
            +---------+---------+-------+---------+---------+-------
      Total |      88 |       5 |   5.4 |      34 |       2 |   5.6
            +---------+---------+-------+---------+---------+-------
        D:1 |      22 |       0 |   0.0 |      10 |       0 |   0.0
        D:2 |      61 |       0 |   0.0 |      21 |       0 |   0.0
        D:3 |       5 |       5 |  50.0 |       3 |       2 |  40.0
            +---------+---------+-------+---------+---------+-------
